 Dungeon Crawl Stone Soup version 0.26-a0-712-ga5a9c9c9d0 (webtiles) character file.

Game seed: 13206221904468502746

2237 kae the Transmogrifier (level 9, -2/47 HPs)
             Began as a Tengu Transmuter on Nov 13, 2020.
             Was a Follower of Ru.
             Slain by a two-headed ogre
             ... wielding a +0 giant spiked club
              (7 damage)
             ... on level 8 of the Dungeon.
             The game lasted 00:07:23 (10358 turns).

kae the Transmogrifier (Tengu Transmuter)          Turns: 10358, Time: 00:07:23

Health: -2/47      AC:  2    Str: 14    XL:     9   Next: 36%
Magic:  11/14      EV: 24    Int: 13    God:    Ru [*.....]
Gold:   412        SH:  0    Dex: 20    Spells: 5/14 levels left

rFire    . . .     SeeInvis .     - Unarmed
rCold    . . .     Faith    .   (shield currently unavailable)
rNeg     . . .     Spirit   .   (armour currently unavailable)
rPois    x         Reflect  .   (helmet currently unavailable)
rElec    .         Harm     .   (cloak currently unavailable)
rCorr    .         Rampage  .   (gloves currently unavailable)
MR       .....                  (boots unavailable)
Stlth    +++.......             (no amulet)
HPRegen  0.15/turn              m - ring of wizardry
MPRegen  0.14/turn              r - ring of stealth

@: spider-form, flying quickly and evasively, quick
A: tiny, hated by all, able to fly
a: Stop Flying, End Transformation, Renounce Religion


You were on level 8 of the Dungeon.
You worshipped Ru.
Ru was aware of your devotion.
You were a venomous arachnid creature.
You visited 1 branch of the dungeon, and saw 8 of its levels.

You collected 412 gold pieces.

Inventory:

Armour
 a - a +2 robe (melded)
Jewellery
 m - a ring of wizardry (left front leg)
 r - a ring of stealth (right front leg)
 u - a +6 ring of dexterity {unknown}
Wands
 l - a wand of polymorph (20)
 n - a wand of acid (7)
 s - a wand of iceblast (7)
Scrolls
 d - 4 scrolls of identify
 h - 5 scrolls of remove curse
 j - 2 scrolls of magic mapping
 p - a scroll of blinking
 q - 3 scrolls of teleportation
 t - a scroll of enchant armour
Potions
 b - 6 potions of curing
 c - 2 potions of heal wounds
 e - a potion of invisibility
 f - a potion of stabbing
 g - a potion of might
 i - 3 potions of degeneration
 k - 2 potions of brilliance
 o - 2 potions of mutation


   Skills:
 - Level 1.0 Fighting
 - Level 2.1 Dodging
 + Level 8.2 Unarmed Combat
 - Level 3.0 Spellcasting
 * Level 8.3 Transmutations


You had 5 spell levels left.
You knew the following spells:

 Your Spells              Type           Power        Failure   Level
a - Beastly Appendage     Tmut           ###...       1%          1
b - Spider Form           Tmut/Pois      ##........   12%         3
c - Blade Hands           Tmut           ###.......   17%         5

Your spell library contained the following spells:

 Spells                   Type           Power        Failure   Level
 Wereblood                Tmut           ###.....     2%          2
 Ice Form                 Ice/Tmut       ##......     30%         4


Dungeon Overview and Level Annotations

Branches:
Dungeon (8/15)             Temple (0/1) D:4
   Lair: D:8-11

Altars:
Elyvilon
Hepliaklqana
Okawaru
Qazlal
Ru
Uskayaw
Zin

Annotations:
D:7 Menkaure


Innate Abilities, Weirdness & Mutations

((You have a beak for a mouth.))
((You have claws for feet.))
You are hated by all.
You can fly continuously.


Message History

Found an escape hatch in the floor.
A bullfrog comes into view.
A bullfrog is nearby!
A bullfrog is nearby!
A scorpion and a two-headed ogre come into view.
The two-headed ogre shouts in stereo!
The bullfrog gives a loud, deep croak!
The bullfrog snags a nearby mosquito with its tongue.
The bullfrog hits you but does no damage.
Casting: Spider Form (dangerous; 4% risk of failure)
Confirm with . or Enter, or press ? or * to list all spells.
You turn into a venomous arachnid creature.
Your +2 robe melds into your body.
The bullfrog closely misses you.
The two-headed ogre hits you with a +0 giant spiked club!
The two-headed ogre hits you with a +0 giant club!!
Ouch! That really hurt!
* * * LOW HITPOINT WARNING * * *
The bullfrog completely misses you. The bullfrog completely misses you.
The two-headed ogre hits you with a +0 giant spiked club!
You die...

.....
............#
.##..
......≈.....# #..
......≈≈....# #..
......≈≈....#
.....
......≈.....#
#.##.
............# # #[
......OF....### ##
......ss.......
##########.$......
#.................
#.########...))...
#.# #.....>..
#######.###
#........
#.....[...#
#########
#.........#
'...≈≈≈...#


You could see a two-headed ogre, a bullfrog and a scorpion.

Vanquished Creatures
  An orc warrior (D:6)
  2 ice beasts
  A necrophage (D:7)
  An ogre (D:7)
  A centaur (D:8)
  3 bullfrogs
  A scorpion (D:6)
  5 wights (D:7)
  A quasit (D:6)
  8 orc priests
  A gnoll shaman (D:3)
  2 hounds
  9 orc wizards
  2 iguanas (D:5)
  6 worker ants
  A hound zombie (D:5)
  Robin (D:3)
  16 adders
  6 gnolls
  A howler monkey skeleton (D:4)
  2 shadow imps (D:5)
  A white imp (D:5)
  2 ufetubi (D:6)
  3 worms
  An adder skeleton (D:6)
  3 dart slugs
  2 leopard geckos
  42 orcs
  3 giant cockroaches
  9 goblins
  10 hobgoblins
  16 jackals
  7 kobolds
  6 quokkas
  7 ball pythons
  3 bats
  5 frilled lizards
  A jackal skeleton (D:4)
  A leopard gecko skeleton (D:4)
  A leopard gecko zombie (D:5)
  8 rats
202 creatures vanquished.

Vanquished Creatures (others)
  2 plants (D:4)
2 creatures vanquished.

Grand Total: 204 creatures vanquished

Notes
Turn   | Place    | Note
-------+----------+-------------------------------------------
     0 | D:1      | kae the Tengu Transmuter began the quest for the Orb.
     0 | D:1      | Reached XP level 1. HP: 12/12 MP: 4/4
   538 | D:1      | Reached XP level 2. HP: 10/16 MP: 4/6
  1630 | D:2      | Reached XP level 3. HP: 14/20 MP: 5/7
  1635 | D:2      | Learned a level 3 spell: Spider Form
  2080 | D:2      | Reached XP level 4. HP: 23/25 MP: 6/8
  2694 | D:2      | Gained mutation: You can fly continuously. [Tengu growth]
  2694 | D:2      | Reached XP level 5. HP: 17/29 MP: 4/9
  3325 | D:3      | Found a glowing silver altar of Zin.
  3373 | D:3      | Found a sacrificial altar of Ru.
  3445 | D:3      | Noticed Robin
  3454 | D:3      | Killed Robin
  3710 | D:3      | Reached XP level 6. HP: 19/34 MP: 3/10
  4213 | D:3      | Reached skill level 5 in Unarmed Combat
  4487 | D:3      | Became a worshipper of Ru the Awakened
  5128 | D:4      | Reached skill level 5 in Transmutations
  5128 | D:4      | Reached XP level 7. HP: 29/38 MP: 9/11
  5303 | D:4      | Found a staircase to the Ecumenical Temple.
  5662 | D:4      | Found an iron altar of Okawaru.
  5964 | D:5      | Entered Level 5 of the Dungeon
  6419 | D:5      | Found a hide-covered altar of Uskayaw.
  6794 | D:5      | Gained mutation: You are hated by all. [Ru sacrifice]
  6794 | D:5      | Reached * piety under Ru
  6842 | D:5      | Reached XP level 8. HP: 43/43 MP: 8/12
  8186 | D:6      | Found a stormy altar of Qazlal.
  8634 | D:6      | Found a hazy altar of Hepliaklqana.
  8978 | D:6      | Found a white marble altar of Elyvilon.
  9216 | D:7      | Noticed Menkaure
  9228 | D:7      | Reached XP level 9. HP: 47/47 MP: 12/14
  9787 | D:7      | Learned a level 5 spell: Blade Hands
 10355 | D:8      | Noticed a two-headed ogre
 10358 | D:8      | Slain by a two-headed ogre

Illustrated notes

Levels and vault maps discovered:
D:1:      saegor_arrival_simple_c, layout_loops_corners
D:2:      layout_rooms, minivault_27, minivault_19, kennysheep_generic_room_10
D:3:      cheibrodos_pilgrimage, layout_loops_ring, lemuel_doored_altar,
          nicolae_ru_awakened_eye, uniq_robin
D:4:      layout_basic, kennysheep_mini_moat, minmay_temple_entry_gardened_gates
D:5:      layout_basic, eat_drink_and_be_merry_uskayaw
D:6:      layout_basic, kennysheep_mini, nicolae_overflow_crystal_walls,
          lemuel_round_altar
D:7:      layout_basic, chequers_serial_rivers_large_a, minmay_strange_pillars,
          uniq_menkaure
D:8:      layout_basic, lemuel_round_altar

Skill      XL: |  1  2  3  4  5  6  7  8  9 |
---------------+----------------------------+-----
Transmutations | 2 3 4 5 6 7 8 |  8.3
Unarmed Combat | 4 5 6 7 8 |  8.2
Spellcasting   | 3 |  3.0
Fighting       | |  1.0
Dodging        | |  2.1

Action                   |  1- 3 |  4- 6 |  7- 9 || total
-------------------------+-------+-------+-------++-------
Melee: Unarmed           |    73 |   181 |   314 ||   568
       Kick              |    15 |    16 |    45 ||    76
       Peck              |     8 |    12 |    31 ||    51
       Headbutt          |     4 |    10 |    22 ||    36
       Punch             |     1 |     1 |     7 ||     9
 Cast: Beastly Appendage |    20 |    21 |    31 ||    72
       Spider Form       |       |    11 |    18 ||    29
       Blade Hands       |       |       |     2 ||     2
Invok: Sacrifice Love    |       |       |     1 ||     1
       Reject Sacrifices |       |       |     1 ||     1
 Abil: Fly               |       |     1 |       ||     1
  Use: Potion            |       |     3 |     2 ||     5
       Scroll            |       |       |    17 ||    17
 Stab: Sleeping          |       |     2 |     2 ||     4
       Distracted        |       |       |     1 ||     1
Armor: Robe              |     8 |    14 |    37 ||    59
       Skin              |       |     6 |     2 ||     8
Dodge: Dodged            |    60 |   168 |   231 ||   459

Table legend: (Time is in decaauts)
 A = Elapsed time spent in this place.
 B = Non-inter-level travel time spent in this place.
 C = Inter-level travel time spent in this place.
 D = Time resting spent in this place.
 E = Time spent auto-exploring this place.
 F = Levels seen in this place.
 G = Mean time per level.
                   A        B        C        D        E       F      G
               +--------+--------+--------+--------+--------+-----+--------+
         Total |  10014 |   9733 |    281 |   1615 |   6807 |   8 | 1251.8 |
       Dungeon |  10014 |   9733 |    281 |   1615 |   6807 |   8 | 1251.8 |
               +--------+--------+--------+--------+--------+-----+--------+

Top non-repeatable levels by time:
     D:3: 2164 daAuts
     D:5: 1779 daAuts
     D:1: 1521 daAuts
     D:2: 1325 daAuts
     D:6: 1210 daAuts
     D:4: 858 daAuts
     D:7: 834 daAuts
     D:8: 320 daAuts
